Map: Romanticide LE

Players

MarineLorD

  • Race: Terran Terran
  • League: Master

Serral - Winner!

  • Race: Zerg Zerg

Event: DreamHack SC2 Masters 2021 Fall

VOD

Have the link to the VOD?

Description

Time

  • Played on: July 30, 2021, 1:48 p.m.
  • Length: 18:50

All games in this series

Show
View Real Time Build Order
Export as new Build Order

MarineLorD Terran 

Build Orders: Command Center First (CC) 

Get SALT Encoding   

  12  0:00  SCV  
  13  0:12  SCV  
  14  0:16  Supply Depot  
  14  0:24  SCV  
  15  0:38  SCV  
  16  0:50  SCV  
  17  0:57  Command Center  
  17  1:02  SCV  
  18  1:11  Barracks  
  18  1:14  SCV  
  19  1:26  SCV  
  20  1:38  SCV  
  21  1:47  Command Center  
  21  1:50  SCV  
  22  1:58  Marine  
  23  2:03  Orbital Command  
  23  2:11  Orbital Command  
  23  2:16  Marine  
  24  2:26  Barracks  
  24  2:28  SCV  
  25  2:33  Marine  
  25  2:37  Barracks  
  26  2:38  SCV  
  26  2:41  SCV  
  28  2:45  Refinery  
  28  2:50  SCV  
  29  2:51  Marine  
  29  2:53  Refinery, SCV  
  31  3:02  Bunker, SCV  
  31  3:04  Orbital Command  
  31  3:05  SCV  
  33  3:11  Marine  
  34  3:14  SCV  
  34  3:15  Marine  
  34  3:17  SCV  
  37  3:25  Barracks Reactor  
  37  3:26  SCV  
  38  3:29  SCV  
  38  3:32  Barracks Tech Lab  
  38  3:33  SCV  
  40  3:34  Barracks Tech Lab  
  40  3:38  SCV  
  41  3:41  Refinery, SCV  
  41  3:42  Refinery  
  41  3:45  SCV  
  43  3:50  Marine  
  43  3:51  SCV, Stimpack  
  43  3:52  Marine  
  43  3:53  SCV  
  47  3:57  SCV  
  48  4:02  Supply Depot  
  48  4:03  SCV  
  48  4:05  Marine x2, SCV  
  48  4:06  Supply Depot x2  
  48  4:08  Factory  
  48  4:09  SCV  
  53  4:24  Marine x2, SCV x2  
  53  4:25  Marine x2, Barracks  
  53  4:26  Orbital Command, Combat Shield  
  53  4:27  Barracks  
  59  4:35  Supply Depot  
  59  4:36  SCV x2  
  61  4:42  Marine  
  61  4:44  Engineering Bay  
  61  4:45  Marine x2, Engineering Bay  
  64  4:48  Marine, SCV x2  
  67  4:53  SCV  
  68  5:00  SCV x2, Factory Reactor, Starport  
  68  5:03  Marine x2  
  68  5:05  SCV  
  68  5:06  Marine x2  
  75  5:12  SCV  
  75  5:13  Terran Infantry Armor Level 1, Terran Infantry Weapons Level 1  
  76  5:15  Supply Depot  
  76  5:20  SCV x2  
  78  5:22  Barracks Reactor x2  
  78  5:24  SCV  
  78  5:27  Supply Depot  
  78  5:28  Marine x2  
  80  5:30  Supply Depot  
  80  5:32  SCV  
  80  5:33  SCV  
  83  5:41  Barracks Reactor  
  83  5:42  SCV  
  84  5:45  SCV, Medivac x2  
  84  5:47  Marine x3, SCV  
  93  5:52  Siege Tank  
  93  5:53  Concussive Shells  
  93  5:54  SCV  
  93  5:55  Refinery  
  93  5:57  Refinery, SCV  
  98  5:59  SCV  
  98  6:00  Supply Depot  
  98  6:02  Supply Depot  
  99  6:04  Marine x2  
  99  6:05  Marine x5  
  106  6:11  SCV x2  
  106  6:13  Supply Depot  
  106  6:14  Supply Depot  
  106  6:18  Marine  
  109  6:19  Armory  
  109  6:22  Marine x4, Medivac x2  
  117  6:27  Marine  
  117  6:28  SCV x2  
  120  6:33  Marine  
  120  6:34  Marine x2, Factory  
  120  6:38  Marine, Siege Tank  
  120  6:39  Marine  
  125  6:44  Marine x3  
  129  6:50  Marine  
  129  6:51  Marine  
  129  6:52  Medivac x2  
  135  6:55  Command Center  
  135  6:56  Marine x2  
  135  6:57  Marine x2  
  139  7:03  Marine x2  
  141  7:08  Supply Depot  
  141  7:09  Marine, Supply Depot  
  141  7:18  Terran Infantry Weapons Level 2  
  141  7:19  Terran Infantry Armor Level 2  
  141  7:22  Supply Depot  
  141  7:23  Supply Depot  
  141  7:30  Marine x6  
  141  7:32  Marine x2, Medivac x2  
  141  7:33  Marine  
  148  7:37  Factory Reactor  
  148  7:41  SCV x2  
  146  7:47  Marine x6  
  146  7:50  Marine  
  153  7:52  Marine  
  153  7:53  Marine  
  155  8:02  Medivac x2  
  159  8:05  Marine x6  
  159  8:08  Marine  
  159  8:10  Marine  
  159  8:11  Marine  
  167  8:21  SCV x2  
  167  8:22  Widow Mine x3  
  167  8:23  Marine x6, Drilling Claws  
  167  8:25  Marine, Terran Vehicle And Ship Armor Level 1  
  182  8:30  Barracks  
  182  8:31  Barracks  
  182  8:32  Barracks  
  182  8:35  Marine  
  182  8:36  Marine  
  174  8:41  Marine  
  174  8:43  Widow Mine  
  174  8:44  Widow Mine x2  
  174  8:46  SCV  
  174  8:47  SCV, Planetary Fortress  
  180  8:49  Marine  
  180  8:52  Marine x3  
  184  8:55  SCV  
  184  8:58  SCV, Command Center  
  184  9:00  Marine x2  
  177  9:04  Marine x2  
  177  9:05  Siege Tank  
  184  9:10  Widow Mine  
  184  9:16  Marine  
  184  9:17  Marine x2  
  185  9:19  Barracks Tech Lab x3  
  185  9:22  Ghost Academy  
  185  9:23  Supply Depot  
  187  9:26  Supply Depot  
  178  9:44  Marine x4  
  180  9:47  Marine x4  
  180  9:48  Widow Mine x2  
  188  9:54  Supply Depot  
  188  9:56  Terran Infantry Armor Level 3, Terran Infantry Weapons Level 3  
  188  9:57  Supply Depot  
  186  10:09  Marine x12  
  193  10:18  Liberator  
  193  10:19  Liberator  
  189  10:28  Marine x4, Marauder x4  
  183  10:32  Marine x2  
  183  10:34  Widow Mine x3  
  191  10:49  Marauder x3, Ghost  
  189  10:55  Widow Mine  
  189  10:56  Marine x6  
  196  11:01  Liberator  
  194  11:21  Widow Mine x2  
  194  11:22  Marauder x2  
  192  11:26  Widow Mine, Planetary Fortress  
  188  11:38  Command Center  
  176  11:41  Command Center  
  176  11:44  Liberator x2  
  176  11:45  Marauder x2  
  176  11:46  Marine x7, Marauder x2  
  179  11:49  Marine  
  179  11:53  Orbital Command  
  180  11:56  SCV x2  
  180  11:57  Widow Mine  
  176  12:04  Marine x5  
  176  12:06  Marine  
  179  12:09  Marine  
  171  12:21  Terran Vehicle And Ship Armor Level 2  
  171  12:22  Marine  
  168  12:31  Command Center  
  168  12:45  Supply Depot x2  
  168  12:46  Supply Depot  
  168  12:47  Supply Depot x2  
  168  12:50  Marine, Marauder  
  171  12:53  Marine x5, Widow Mine x2, Marauder x3  
  186  13:00  Missile Turret  
  186  13:06  Marine, Medivac x2  
  186  13:07  Widow Mine  
  186  13:11  Marine  
  186  13:12  Orbital Command, Marauder  
  196  13:14  Marine  
  196  13:15  Marauder  
  177  13:30  Marauder  
  177  13:32  Marauder, Ghost  
  176  13:36  Marauder  
  176  13:40  Marine x8  
  156  13:50  SCV x2  
  156  13:51  Marauder  
  156  13:54  Marauder  
  149  13:57  Ghost  
  149  14:00  Planetary Fortress  
  149  14:01  Ghost  
  147  14:04  SCV x3, Planetary Fortress  
  147  14:05  SCV  
  151  14:10  Marine x2  
  151  14:11  Ghost  
  151  14:14  Ghost  
  157  14:19  Command Center  
  157  14:23  Marine x3  
  152  14:25  Ghost  
  152  14:30  Marine, Marauder  
  152  14:31  Marine  
  152  14:35  SCV x2  
  155  14:41  Marauder  
  157  14:47  Marine x4  
  157  14:48  Marine x2, Marauder  
  162  14:56  Marauder  
  162  14:57  Marine  
  156  15:00  Marine  
  156  15:01  Marauder  
  156  15:02  Marine  
  160  15:07  SCV x2  
  160  15:08  SCV  
  160  15:10  SCV  
  160  15:12  SCV  
  153  15:15  SCV  
  153  15:20  SCV  
  155  15:30  SCV x2  
  157  15:37  Marine x3  
  157  15:38  Orbital Command, Marauder  
  157  15:41  Marine  
  157  15:42  Marauder  
  160  15:45  SCV  
  160  15:47  Marine  
  160  15:49  Orbital Command  
  143  15:56  Marine  
  143  15:57  Marauder  
  143  16:07  Marauder  
  143  16:08  Marauder  
  146  16:13  SCV x2  
  146  16:16  Marine  
  149  16:28  SCV  
  146  16:35  SCV  
  137  16:51  Marine x4, Marauder  
  137  16:52  SCV x4  
  137  16:53  SCV  
  148  17:00  Liberator  
  151  17:04  SCV  
  153  17:11  SCV x2  
  143  17:29  Ghost x3  
  149  17:30  Marine x2  
  149  17:33  SCV  
  152  17:38  SCV x2  
  154  17:44  Medivac x2  
  154  17:46  SCV  
  160  17:54  Missile Turret  
  160  17:55  SCV x2  
  156  17:59  SCV  
  154  18:06  Marine  
  154  18:07  Marine x2  
  154  18:10  SCV  
  154  18:11  SCV  
  157  18:17  Marine x3  
  157  18:18  Marine x3, Marauder x3  
  132  18:22  SCV  
  132  18:23  SCV  
  132  18:24  Marine x3  
  128  18:34  SCV  
  128  18:35  SCV  
  134  18:44  Factory Reactor  
Show
View Real Time Build Order
Export as new Build Order

Serral Zerg - Winner!

Build Orders: Hatch First 

Get SALT Encoding   

  12  0:00  Drone  
  13  0:12  Overlord  
  13  0:16  Drone  
  14  0:31  Drone x2  
  16  0:49  Hatchery  
  15  0:51  Drone  
  15  0:54  Drone  
  17  0:58  Drone  
  18  1:09  Extractor  
  17  1:13  Spawning Pool  
  17  1:16  Drone  
  17  1:19  Drone  
  18  1:28  Drone  
  19  1:38  Drone  
  20  1:51  Drone  
  21  2:00  Queen x2  
  27  2:01  Zergling x4  
  27  2:10  Overlord  
  27  2:12  Drone  
  28  2:22  Hatchery  
  27  2:26  Drone  
  28  2:31  Drone  
  28  2:33  Drone  
  28  2:34  Drone  
  31  2:37  Metabolic Boost  
  31  2:46  Queen  
  33  2:52  Overlord  
  33  2:54  Drone  
  33  2:57  Drone  
  35  2:59  Drone  
  35  3:02  Pneumatized Carapace  
  36  3:10  Drone x3  
  36  3:12  Drone  
  40  3:14  Drone  
  40  3:18  Overlord  
  41  3:21  Drone  
  41  3:25  Queen  
  44  3:33  Queen  
  46  3:34  Drone  
  46  3:37  Drone x2  
  46  3:40  Drone  
  50  3:44  Overlord  
  50  3:47  Zergling x4  
  50  3:48  Drone  
  53  3:49  Drone  
  53  3:54  Drone  
  55  3:59  Drone  
  56  4:03  Drone x4  
  56  4:04  Evolution Chamber  
  56  4:07  Drone x2  
  61  4:12  Overlord  
  61  4:13  Drone x3  
  61  4:15  Queen  
  66  4:18  Overlord  
  66  4:25  Overlord  
  66  4:27  Extractor  
  66  4:28  Drone  
  66  4:30  Zerg Ground Armor Level 1  
  66  4:33  Baneling Nest  
  66  4:34  Drone x3  
  66  4:36  Drone  
  66  4:37  Drone  
  70  4:40  Drone x3  
  73  4:48  Extractor, Drone  
  73  4:50  Hatchery  
  73  4:52  Drone x2  
  74  4:53  Drone  
  74  4:54  Drone  
  74  4:55  Drone  
  77  5:00  Extractor  
  77  5:01  Queen  
  77  5:02  Overlord  
  77  5:05  Lair  
  77  5:06  Drone  
  79  5:10  Drone x3  
  79  5:12  Evolution Chamber  
  81  5:14  Drone x2  
  81  5:18  Overlord  
  81  5:19  Overlord  
  81  5:20  Drone  
  84  5:23  Zergling x8  
  84  5:24  Zergling x2  
  84  5:25  Zergling x2  
  90  5:29  Queen  
  90  5:30  Zergling x4  
  90  5:34  Zergling x6  
  97  5:38  Queen  
  97  5:40  Zergling x6  
  102  5:45  Zerg Melee Weapons Level 1  
  102  5:52  Overlord  
  102  5:55  Drone  
  102  5:57  Drone x7  
  106  6:00  Zergling x2  
  106  6:03  Queen, Centrifical Hooks  
  113  6:06  Overlord x2  
  113  6:07  Zergling x6  
  116  6:17  Baneling x8  
  116  6:19  Drone  
  116  6:20  Zergling x4, Drone x2  
  116  6:24  Overlord  
  121  6:29  Hatchery, Zerg Ground Armor Level 2  
  121  6:32  Zergling x10  
  125  6:35  Baneling x2  
  125  6:36  Baneling x2  
  125  6:40  Drone  
  125  6:41  Spore Crawler  
  125  6:42  Overlord  
  125  6:44  Zergling x12  
  131  6:48  Baneling x5  
  131  6:49  Baneling x3  
  131  6:56  Drone  
  131  6:59  Drone x2, Infestation Pit  
  131  7:00  Extractor, Drone x3  
  132  7:05  Zergling x10  
  137  7:11  Overlord  
  137  7:13  Zergling x12  
  143  7:22  Overlord  
  143  7:26  Overlord x6  
  142  7:39  Hive  
  142  7:42  Extractor, Drone x4  
  142  7:43  Queen, Drone  
  142  7:44  Zergling x8, Drone x3  
  148  7:49  Zerg Melee Weapons Level 2  
  148  7:50  Zergling x2  
  149  7:52  Baneling x5  
  149  7:53  Baneling  
  149  7:57  Zergling x14  
  156  7:59  Hatchery  
  155  8:08  Zergling x26  
  167  8:15  Baneling x8  
  167  8:17  Zergling x4  
  167  8:18  Zergling x4  
  167  8:20  Zergling x2  
  167  8:26  Zergling x12  
  173  8:29  Zergling x2  
  173  8:32  Baneling x9, Overlord  
  156  8:42  Zergling x16  
  156  8:46  Baneling x3  
  156  8:48  Drone x3  
  165  8:49  Spore Crawler  
  165  8:52  Hydralisk Den  
  165  8:53  Ultralisk Cavern  
  165  8:54  Adrenal Glands  
  162  9:00  Zergling x24  
  170  9:07  Zerg Ground Armor Level 3  
  170  9:09  Drone  
  171  9:11  Extractor, Queen  
  171  9:12  Drone x2  
  171  9:13  Drone  
  171  9:15  Zergling x10  
  180  9:26  Zergling x32  
  188  9:40  Zergling x2  
  188  9:41  Zergling x18  
  189  9:50  Chitinous Plating  
  189  9:55  Ultralisk  
  189  9:57  Baneling x6, Overseer x2  
  195  10:03  Hatchery  
  194  10:08  Zerg Melee Weapons Level 3  
  182  10:15  Baneling x5  
  182  10:16  Baneling x4  
  182  10:20  Hatchery  
  181  10:25  Zergling x18, Ultralisk x2  
  187  10:29  Zergling x24  
  199  10:39  Baneling x5  
  199  10:40  Baneling x2, Spire  
  190  10:55  Ultralisk  
  183  10:59  Extractor  
  183  11:00  Drone x3  
  183  11:01  Drone x2  
  187  11:07  Zergling x14, Ultralisk  
  187  11:28  Ultralisk x2  
  191  11:41  Zergling x2  
  191  11:42  Zergling x42  
  199  11:47  Baneling x6, Hatchery  
  192  12:01  Zergling x16  
  196  12:10  Corruptor x3  
  195  12:16  Burrow, Zerg Flyer Weapons Level 1  
  189  12:23  Extractor  
  189  12:25  Corruptor x3  
  189  12:26  Corruptor  
  189  12:27  Zergling x6, Ultralisk  
  200  12:33  Baneling x3  
  200  12:34  Baneling x10  
  200  12:41  Spore Crawler  
  200  12:42  Spore Crawler x2, Spine Crawler  
  200  12:43  Drone x4  
  200  12:45  Spore Crawler  
  200  12:46  Drone  
  200  12:52  Overseer x2  
  200  12:54  Hatchery  
  190  13:06  Ultralisk  
  190  13:11  Zergling x18  
  198  13:26  Zergling x38  
  200  13:31  Baneling x5  
  200  13:33  Zergling x12  
  200  13:34  Zergling x2  
  195  13:44  Zergling x2  
  195  13:45  Zergling x12  
  197  13:52  Drone x5  
  200  13:58  Baneling x12  
  200  14:01  Unknown  
  193  14:05  Drone x3  
  193  14:08  Baneling x2  
  193  14:09  Zergling x8  
  200  14:14  Baneling x10  
  194  14:30  Zergling x18  
  194  14:31  Zergling x4  
  199  14:33  Zerg Flyer Weapons Level 2  
  199  14:38  Overseer  
  199  14:39  Overseer  
  188  14:55  Zergling x20  
  188  14:56  Zergling x18  
  188  14:58  Baneling x16  
  196  15:06  Zergling x12  
  199  15:11  Zergling x40  
  194  15:16  Zergling x12  
  200  15:28  Baneling  
  200  15:29  Baneling x8  
  200  15:35  Hatchery  
  183  15:44  Zergling x2  
  183  15:45  Zergling x38  
  196  15:50  Zergling x8  
  196  15:54  Spore Crawler  
  196  15:55  Hatchery  
  196  15:56  Zergling x6  
  196  16:09  Zergling x6  
  199  16:17  Baneling x12  
  198  16:28  Baneling x11  
  198  16:30  Zergling x20  
  200  16:34  Overlord x2  
  179  16:47  Zergling x12  
  179  16:48  Zergling x16  
  179  16:51  Corruptor x4  
  190  17:11  Hatchery  
  190  17:12  Zergling x2  
  190  17:13  Zergling x18  
  190  17:14  Baneling x11  
  190  17:15  Baneling x3  
  199  17:18  Zergling x2  
  199  17:19  Zergling x10  
  195  17:27  Corruptor x6  
  195  17:29  Zergling x4  
  199  17:33  Hatchery  
  198  17:42  Zergling x4  
  199  17:53  Hatchery  
  194  18:00  Zergling x10  
  194  18:01  Hatchery  
  197  18:10  Zergling x14  
  197  18:17  Zergling x24  
  197  18:25  Zergling x12  
  194  18:41  Hatchery  

Tags
 
Add a new tag
Caveats
  • Supply blocks, unpowered buildings, or Contaminate may cause inaccurate times.
  • Supply counts are checked every 10 seconds.